 Dungeon Crawl Stone Soup version 0.13-a0-3076-g221303f (webtiles) character file.

161 Malachi the Skirmisher (level 4, -7/40 HPs)
             Began as a Lava Orc Fighter on Sept 17, 2013.
             Killed from afar by Terence (9 damage)
             ... with a wand of frost
             ... on Level 2 of the Dungeon.
             The game lasted 00:02:01 (888 turns).

Malachi the Skirmisher (Lava Orc Fighter)            Turns: 888, Time: 00:02:01

HP  -7/40        AC 10     Str 19      XL: 4   Next: 30%
MP   3/3         EV  6     Int  8      God:
Gold 73          SH 20     Dex 10      Spells:  0 memorised,  3 levels left

Res.Fire  : + . .   See Invis. : .   a - +0 orc hand axe {=f}
Res.Cold  : . . .   Warding    : .   b - +0 orc scale mail
Life Prot.: . . .   Conserve   : .   c - +0 orc shield
Res.Poison: .       Res.Corr.  : .   (no helmet)
Res.Elec. : .       Clarity    : .   (no cloak)
Sust.Abil.: . .     Spirit.Shd : .   (no gloves)
Res.Mut.  : .       Stasis     : .   (no boots)
Res.Rott. : .       Flight     : .   (no amulet)
Saprovore : + . .                    (no ring)
                                     (no ring)

@: slightly resistant to hostile enchantments, extremely unstealthy
A: conserve scrolls, saprovore 1
a: no special abilities


You were on level 2 of the Dungeon.
You were not hungry.

You visited 1 branch of the dungeon, and saw 2 of its levels.

You collected 53 gold pieces.

Inventory:

Hand weapons
 a - a +0,+0 orcish hand axe (weapon) {=f}
Armour
 b - a +0 orcish scale mail (worn)
 c - a +0 orcish shield (worn)
Comestibles
 d - a meat ration
 o - a rotting chunk of giant cockroach flesh
 q - a rotting chunk of giant newt flesh
 s - 4 chunks of jackal flesh
Scrolls
 h - 2 scrolls of noise {unknown}
 j - a scroll of fog {unknown}
 k - 3 scrolls of remove curse {unknown}
 m - 2 scrolls of identify {unknown}
Jewellery
 g - a +1 ring of intelligence {unknown}
 p - a cursed ring of teleportation {unknown}
Potions
 e - a potion of invisibility {unknown}
 f - a potion of heal wounds {unknown}
 i - 2 potions of confusion {unknown}
 l - a potion of beneficial mutation {unknown}
 n - a potion of agility {unknown}
 r - a potion of might {unknown}
Books
 t - a book of Ice

   Spells                             Type                      Level
   Freezing Aura                      Charms/Ice                   2
   Ensorcelled Hibernation            Hexes/Ice                    2
   Ozocubu's Refrigeration            Ice                          6
   Bolt of Cold                       Conjuration/Ice              6
   Freezing Cloud                     Conjuration/Ice/Air          6
   Metabolic Englaciation             Hexes/Ice                    6
   Simulacrum                         Ice/Necromancy               6


   Skills:
 + Level 4.3 Fighting
 + Level 3.0 Axes
 + Level 3.8 Armour
 + Level 1.0 Dodging
 + Level 4.1 Shields


You had 3 spell levels left.
You didn't know any spells.

Dungeon Overview and Level Annotations

Branches:
Dungeon (2/27)

Altars:
Fedhas

Annotations:
D:2 Terence


Innate Abilities, Weirdness & Mutations

You have stony skin.
You cover ground slowly.
Your flesh is heat resistant.
Your flesh is vulnerable to cold.
Your heat harms attackers.
You bathe your surroundings in blazing heat.
You are too hot to use scrolls.
You are very good at protecting items from fire.
You can tolerate rotten meat.


Message History

You are too injured to fight recklessly!
You barely miss Terence.
Terence is almost dead.
Terence barely misses you.
You hit Terence.
Terence is almost dead.
Terence hits you with a flail.
* * * LOW HITPOINT WARNING * * *
Terence zaps a wand.
The puff of frost hits you!
* * * LOW HITPOINT WARNING * * *
Your skin cools and hardens.
Terence zaps a wand.
You block the puff of frost.
Terence says, "You're history."
There is an open door here.
You hit Terence but do no damage.
Terence is almost dead.
Terence hits you with a flail.
* * * LOW HITPOINT WARNING * * *
Terence zaps a wand.
The puff of frost hits you!
You die...

#.# ##### #.## #..#
####+## ###.###
#.....# #.....#
#.....# #.....####
#.....# ####.....##..
#....@####...........#
#....@'....##.....####
#.....#######.....#
#)....# #.....#
####+## #.....#
###.##### #.....#
#####># ##########'##
#...........#


You could see Terence.

Vanquished Creatures
  5 adders (D:2)
  A giant mite (D:2)
  A worm (D:2)
  A giant gecko (D:1)
  2 giant cockroaches
  3 goblins
  2 hobgoblins
  3 jackals (D:2)
  4 kobolds
  A quokka (D:2)
  4 giant newts
  5 rats
  5 fungi (D:2)
37 creatures vanquished.

Notes
Turn   | Place    | Note
--------------------------------------------------------------
     0 | D:1      | Malachi, the Lava Orc Fighter, began the quest for the Orb.
     0 | D:1      | Reached XP level 1. HP: 19/19 MP: 0/0
   245 | D:1      | Reached XP level 2. HP: 20/26 MP: 1/1
   490 | D:2      | Reached skill level 4 in Fighting
   513 | D:2      | Reached XP level 3. HP: 31/33 MP: 2/2
   667 | D:2      | Reached skill level 1 in Dodging
   667 | D:2      | Reached XP level 4. HP: 32/40 MP: 3/3
   704 | D:2      | Found a blossoming altar of Fedhas.
   862 | D:2      | Noticed Terence
   888 | D:2      | HP: 2/40 [Terence/flail (2)]
   888 | D:2      | Killed from afar by Terence

Action                   |  1- 3 |  4- 6 || total
-------------------------+-------+-------++-------
Melee: Hand axe          |    72 |    56 ||   128
 Stab: Distracted        |       |     1 ||     1
